| TOP OF THE 1ST |
|
Burlington Bees batting - Pitching for Beloit Snappers : RHP Andrew Douglas
|
|
Pitching: RHP Andrew Douglas
|
|
|
Batting: RHB Jonathan Ellis
|
0-0: Called Strike 0-1: Foul Ball, location: 2F 0-2: Strikes out swinging
|
|
Batting: RHB Ryan Munro
|
0-0: Ball 1-0: Ball 2-0: Called Strike 2-1: Foul Ball, location: 2F 2-2: Ball 3-2: Foul Ball, location: 2F 3-2: Foul Ball, location: 2F 3-2: Base on Balls
|
|
Batting: RHB Luis Romero
|
0-0: Ball 1-0: Ball 2-0: SINGLE (Groundball, 3D, EV 108.1 MPH) Ryan Munro to second Runner from 2nd tries for 3rd, SAFE, throw by RF made to third Luis Romero to second
|
|
Batting: LHB Bill Kirtley
|
0-0: Called Strike 0-1: Ball 1-1: Ball 2-1: Called Strike 2-2: Ground out 4-3 (Groundball, 4, EV 100.0 MPH) Ryan Munro scores Luis Romero to third
|
|
Batting: LHB Rusty Ney
|
0-0: Called Strike 0-1: Called Strike 0-2: Foul Ball, location: 2F 0-2: Foul Ball, location: 2F 0-2: Ground out 1-3 (Groundball, 15S, EV 63.8 MPH)
|
| Top of the 1st over - 1 run, 1 hit, 0 errors, 1 left on base; Burlington 1 - Beloit 0 |
| BOTTOM OF THE 1ST |
|
Beloit Snappers batting - Pitching for Burlington Bees : RHP Allen Weaver
|
|
Pitching: RHP Allen Weaver
|
|
|
Batting: RHB Willie de los Santos
|
0-0: Ball 1-0: Foul Ball, location: 2F 1-1: Ball 2-1: Foul Ball, location: 2F 2-2: Ground out 6-3 (Groundball, 6, EV 85.6 MPH)
|
|
Batting: RHB Dan Boylan
|
0-0: Ball 1-0: Ball 2-0: Ball 3-0: Base on Balls
|
|
Batting: SHB D.J. Codd
|
0-0: Ball 1-0: Called Strike 1-1: Called Strike 1-2: Foul Ball, location: 2F 1-2: Foul Ball, location: 2F 1-2: Ball 2-2: Foul Ball, location: 2F 2-2: Foul Ball, location: 2F 2-2: Foul Ball, location: 2F 2-2: Fly out, F7 (Flyball, 78M, EV 80.6 MPH)
|
|
Batting: RHB Scott Wiggs
|
0-0: Ball 1-0: Called Strike 1-1: Swinging Strike 1-2: Foul Ball, location: 2F 1-2: Strikes out swinging
|
| Bottom of the 1st over - 0 runs, 0 hits, 0 errors, 1 left on base; Burlington 1 - Beloit 0 |
| TOP OF THE 2ND |
|
Burlington Bees batting - Pitching for Beloit Snappers : RHP Andrew Douglas
|
|
Batting: RHB Ryuji Ito
|
0-0: Ball 1-0: Foul Ball, location: 2F 1-1: Ball 2-1: Foul Ball, location: 2F 2-2: Ball 3-2: Base on Balls
|
|
Batting: LHB Jorge Zermeno
|
0-0: Ball 1-0: Called Strike Ryuji Ito steals 2nd base 1-1: Ball 2-1: Swinging Strike 2-2: Strikes out swinging
|
|
Batting: RHB Ben Herman
|
0-0: Called Strike 0-1: Ball 1-1: Ground out 4-3 (Groundball, 4, EV 85.6 MPH) Ryuji Ito to third
|
|
Batting: SHB Tim Connell
|
0-0: Foul Ball, location: 2F 0-1: Swinging Strike 0-2: Ground out 4-3 (Groundball, 4M, EV 87.5 MPH)
|
| Top of the 2nd over - 0 runs, 0 hits, 0 errors, 1 left on base; Burlington 1 - Beloit 0 |
| BOTTOM OF THE 2ND |
|
Beloit Snappers batting - Pitching for Burlington Bees : RHP Allen Weaver
|
|
Batting: RHB Manny Vizzerra
|
0-0: Fly out, F8 (Flyball, 8RD, EV 85.6 MPH)
|
|
Batting: RHB Rick Linders
|
0-0: Ball 1-0: Called Strike 1-1: Called Strike 1-2: Foul Ball, location: 2F 1-2: Foul Ball, location: 2F 1-2: Ball 2-2: Foul Ball, location: 2F 2-2: Strikes out swinging
|
|
Batting: RHB Travis Lanctot
|
0-0: Ball 1-0: Ball 2-0: Foul Ball, location: 2F 2-1: Swinging Strike 2-2: Fly out, F9 (Flyball, 89D, EV 104.4 MPH)
|
| Bottom of the 2nd over - 0 runs, 0 hits, 0 errors, 0 left on base; Burlington 1 - Beloit 0 |
| TOP OF THE 3RD |
|
Burlington Bees batting - Pitching for Beloit Snappers : RHP Andrew Douglas
|
|
Batting: RHB Jonathan Ellis
|
0-0: Ball 1-0: Called Strike 1-1: Foul Ball, location: 2F 1-2: Strikes out swinging
|
|
Batting: RHB Ryan Munro
|
0-0: Ball 1-0: Ball 2-0: Foul Ball, location: 2F 2-1: Called Strike 2-2: Strikes out looking
|
|
Batting: RHB Luis Romero
|
0-0: Swinging Strike 0-1: Fly out, F8 (Line Drive, 8RD, EV 102.5 MPH)
|
| Top of the 3rd over - 0 runs, 0 hits, 0 errors, 0 left on base; Burlington 1 - Beloit 0 |
| BOTTOM OF THE 3RD |
|
Beloit Snappers batting - Pitching for Burlington Bees : RHP Allen Weaver
|
|
Batting: LHB Raita Inouye
|
0-0: Ground out 1-3 (Groundball, 15S, EV 66.2 MPH)
|
|
Batting: RHB Brian Rathbun
|
0-0: Ball 1-0: Ball 2-0: Called Strike 2-1: Fly out, F1 (Popup, P, EV 80.6 MPH)
|
|
Batting: RHB Willie de los Santos
|
0-0: Ball 1-0: Called Strike 1-1: Called Strike 1-2: Ball 2-2: Ball 3-2: SINGLE (Groundball, 4MD, EV 105.0 MPH)
|
|
Batting: RHB Dan Boylan
|
0-0: Called Strike 0-1: Called Strike Willie de los Santos steals 2nd base 0-2: Ground out 5-3 (Groundball, 56S, EV 70.6 MPH)
|
| Bottom of the 3rd over - 0 runs, 1 hit, 0 errors, 1 left on base; Burlington 1 - Beloit 0 |
| TOP OF THE 4TH |
|
Burlington Bees batting - Pitching for Beloit Snappers : RHP Andrew Douglas
|
|
Batting: LHB Bill Kirtley
|
0-0: Foul Ball, location: 2F 0-1: Fly out, F8 (Flyball, 8RXD, EV 90.0 MPH)
|
|
Batting: LHB Rusty Ney
|
0-0: Ball 1-0: SINGLE (Line Drive, 78S, EV 91.9 MPH)
|
|
Batting: RHB Ryuji Ito
|
0-0: Ball Rusty Ney steals 2nd base 1-0: Called Strike 1-1: Ground out 2-3 (Groundball, 2L, EV 66.9 MPH) Rusty Ney to third
|
|
Batting: LHB Jorge Zermeno
|
0-0: Foul Ball, location: 2F 0-1: Called Strike 0-2: Fly out, F9 (Flyball, 9D, EV 104.4 MPH)
|
| Top of the 4th over - 0 runs, 1 hit, 0 errors, 1 left on base; Burlington 1 - Beloit 0 |
| BOTTOM OF THE 4TH |
|
Beloit Snappers batting - Pitching for Burlington Bees : RHP Allen Weaver
|
|
Batting: SHB D.J. Codd
|
0-0: Called Strike 0-1: Ball 1-1: Ball 2-1: Foul Ball, location: 2F 2-2: Strikes out looking
|
|
Batting: RHB Scott Wiggs
|
0-0: Ball 1-0: Foul Ball, location: 2F 1-1: Ball 2-1: Foul Ball, location: 2F 2-2: Foul Ball, location: 2F 2-2: Strikes out swinging
|
|
Batting: RHB Manny Vizzerra
|
0-0: Called Strike 0-1: Called Strike 0-2: Strikes out swinging
|
| Bottom of the 4th over - 0 runs, 0 hits, 0 errors, 0 left on base; Burlington 1 - Beloit 0 |
| TOP OF THE 5TH |
|
Burlington Bees batting - Pitching for Beloit Snappers : RHP Andrew Douglas
|
|
Batting: RHB Ben Herman
|
0-0: Called Strike 0-1: Ball 1-1: Swinging Strike 1-2: Ball 2-2: Strikes out looking
|
|
Batting: SHB Tim Connell
|
0-0: Ball 1-0: Swinging Strike 1-1: Ground out 3-1 (Groundball, 34, EV 88.8 MPH)
|
|
Batting: RHB Jonathan Ellis
|
0-0: Foul Ball, location: 2F 0-1: Ball 1-1: Ball 2-1: Ground out 6-3 (Groundball, 6, EV 86.9 MPH)
|
| Top of the 5th over - 0 runs, 0 hits, 0 errors, 0 left on base; Burlington 1 - Beloit 0 |
| BOTTOM OF THE 5TH |
|
Beloit Snappers batting - Pitching for Burlington Bees : RHP Allen Weaver
|
|
Batting: RHB Rick Linders
|
0-0: Ball 1-0: Ball 2-0: Called Strike 2-1: Foul Ball, location: 2F 2-2: Strikes out looking
|
|
Batting: RHB Travis Lanctot
|
0-0: Ball 1-0: Ground out 6-3 (Groundball, 6, EV 86.2 MPH)
|
|
Batting: LHB Raita Inouye
|
0-0: Called Strike 0-1: Ball 1-1: Ball 2-1: Ball 3-1: Base on Balls
|
|
Batting: RHB Brian Rathbun
|
0-0: Called Strike 0-1: Called Strike Raita Inouye is caught stealing 2nd base 2-4
|
| Bottom of the 5th over - 0 runs, 0 hits, 0 errors, 0 left on base; Burlington 1 - Beloit 0 |
| TOP OF THE 6TH |
|
Burlington Bees batting - Pitching for Beloit Snappers : RHP Andrew Douglas
|
|
Batting: RHB Ryan Munro
|
0-0: Reached on error, E5 (Groundball, 56S, EV 86.9 MPH)
|
|
Batting: RHB Luis Romero
|
0-0: Foul Ball, location: 2F 0-1: Ball 1-1: Ball 2-1: Ball 3-1: Called Strike 3-2: TRIPLE (Flyball, 78XD, EV 106.2 MPH) Ryan Munro scores
|
|
Batting: LHB Bill Kirtley
|
0-0: Called Strike 0-1: Ball 1-1: Fly out, F3 (Popup, 3S, EV 66.2 MPH)
|
|
Batting: LHB Rusty Ney
|
0-0: Intentional Walk
|
|
Batting: RHB Ryuji Ito
|
0-0: Called Strike Rusty Ney steals 2nd base (no throw) 0-1: Ball 1-1: Fly out, F9 (Flyball, 9, EV 88.8 MPH) Runner from 3rd tags up, SCORES, no throw by RF
|
|
Batting: LHB Jorge Zermeno
|
0-0: Ball 1-0: Called Strike 1-1: Ball 2-1: Fly out, F9 (Flyball, 9LS, EV 87.5 MPH)
|
| Top of the 6th over - 2 runs, 1 hit, 1 error, 1 left on base; Burlington 3 - Beloit 0 |
| BOTTOM OF THE 6TH |
|
Beloit Snappers batting - Pitching for Burlington Bees : RHP Allen Weaver
|
|
Pitching: LHP Jose Rivera
|
|
|
Batting: RHB Brian Rathbun
|
0-0: Swinging Strike 0-1: Ball 1-1: Swinging Strike 1-2: Ball 2-2: Ball 3-2: Strikes out looking
|
|
Batting: RHB Willie de los Santos
|
0-0: Ball 1-0: Ball 2-0: Ball 3-0: Foul Ball, location: 2F 3-1: Called Strike 3-2: Base on Balls
|
|
Batting: RHB Dan Boylan
|
0-0: Ball 1-0: Ball 2-0: Ground out 6-3 (Groundball, 56, EV 106.2 MPH) Willie de los Santos to second
|
|
Batting: SHB D.J. Codd
|
0-0: Called Strike 0-1: Ball 1-1: Fly out, F8 (Flyball, 8LM, EV 85.6 MPH)
|
| Bottom of the 6th over - 0 runs, 0 hits, 0 errors, 1 left on base; Burlington 3 - Beloit 0 |
| TOP OF THE 7TH |
|
Burlington Bees batting - Pitching for Beloit Snappers : RHP Andrew Douglas
|
|
Batting: RHB Ben Herman
|
0-0: Ball 1-0: Foul Ball, location: 2F 1-1: Swinging Strike 1-2: Foul Ball, location: 2F 1-2: Ground out 4-3 (Groundball, 4S, EV 95.0 MPH)
|
|
Batting: SHB Tim Connell
|
0-0: Swinging Strike 0-1: Foul Ball, location: 2F 0-2: Ball 1-2: Strikes out looking
|
|
Batting: RHB Jonathan Ellis
|
0-0: Ball 1-0: Ball 2-0: Ball 3-0: Fly out, F8 (Flyball, 8RXD, EV 91.2 MPH)
|
| Top of the 7th over - 0 runs, 0 hits, 0 errors, 0 left on base; Burlington 3 - Beloit 0 |
| BOTTOM OF THE 7TH |
|
Beloit Snappers batting - Pitching for Burlington Bees : LHP Jose Rivera
|
|
Pitching: LHP Tyler Kenney
|
|
|
Batting: RHB Scott Wiggs
|
0-0: Ball 1-0: SOLO HOME RUN (Flyball, 7D, EV 94.4 MPH), Distance : 358 ft
|
|
Batting: RHB Manny Vizzerra
|
0-0: Foul Ball, location: 2F 0-1: Swinging Strike 0-2: Foul Ball, location: 2F 0-2: Strikes out swinging
|
|
Batting: RHB Rick Linders
|
0-0: Ball 1-0: Ground out 4-3 (Groundball, 4, EV 83.1 MPH)
|
|
Batting: RHB Travis Lanctot
|
0-0: Foul Ball, location: 2F 0-1: Ball 1-1: Called Strike 1-2: SINGLE (Groundball, 6D, EV 105.6 MPH)
|
|
Batting: LHB Raita Inouye
|
0-0: Called Strike 0-1: Swinging Strike 0-2: SINGLE (Flyball, 8LS, EV 96.2 MPH) Travis Lanctot to second Runner from 2nd tries for 3rd, OUT! 8-5
|
| Bottom of the 7th over - 1 run, 3 hits, 0 errors, 1 left on base; Burlington 3 - Beloit 1 |
| TOP OF THE 8TH |
|
Burlington Bees batting - Pitching for Beloit Snappers : RHP Andrew Douglas
|
|
Pitching: RHP Steve Friesner
|
|
|
Batting: RHB Ryan Munro
|
0-0: Foul Ball, location: 2F 0-1: Foul Ball, location: 2F 0-2: Strikes out swinging
|
|
Batting: RHB Luis Romero
|
0-0: Ball 1-0: Foul Ball, location: 2F 1-1: Foul Ball, location: 2F 1-2: Strikes out swinging
|
|
Batting: LHB Bill Kirtley
|
0-0: Called Strike 0-1: Ball 1-1: Swinging Strike 1-2: Ball 2-2: Strikes out looking
|
| Top of the 8th over - 0 runs, 0 hits, 0 errors, 0 left on base; Burlington 3 - Beloit 1 |
| BOTTOM OF THE 8TH |
|
Beloit Snappers batting - Pitching for Burlington Bees : LHP Tyler Kenney
|
|
Pitching: LHP Cody Bodenhamer
|
|
|
Batting: RHB Brian Rathbun
|
0-0: Ball 1-0: Foul Ball, location: 2F 1-1: Ball 2-1: Foul Ball, location: 2F 2-2: Ball 3-2: Base on Balls
|
|
Batting: RHB Willie de los Santos
|
0-0: Swinging Strike 0-1: Ball 1-1: Ball 2-1: Swinging Strike 2-2: Strikes out swinging
|
|
Batting: RHB Dan Boylan
|
0-0: SINGLE (Groundball, 4MS, EV 67.5 MPH) (infield hit) Brian Rathbun to second
|
|
Batting: SHB D.J. Codd
|
0-0: Called Strike 0-1: Called Strike 0-2: DOUBLE (Line Drive, 7LM, EV 95.6 MPH) Brian Rathbun scores Dan Boylan to third
|
|
Batting: RHB Scott Wiggs
|
0-0: Swinging Strike 0-1: Called Strike 0-2: Strikes out looking
|
|
Batting: RHB Manny Vizzerra
|
0-0: Ball 1-0: Called Strike 1-1: Foul Ball, location: 2F 1-2: Ball 2-2: Foul Ball, location: 2F 2-2: Strikes out swinging
|
| Bottom of the 8th over - 1 run, 2 hits, 0 errors, 2 left on base; Burlington 3 - Beloit 2 |
| TOP OF THE 9TH |
|
Burlington Bees batting - Pitching for Beloit Snappers : RHP Steve Friesner
|
|
Pitching: RHP Ubbe Dekker
|
|
|
Batting: LHB Rusty Ney
|
0-0: Called Strike 0-1: Foul Ball, location: 2F 0-2: Foul Ball, location: 2F 0-2: Ball 1-2: Ball 2-2: Ground out 4-3 (Groundball, 4, EV 88.1 MPH)
|
|
Batting: RHB Ryuji Ito
|
0-0: DOUBLE (Line Drive, 7LM, EV 110.0 MPH)
|
|
Batting: LHB Jorge Zermeno
|
0-0: Intentional Walk
|
|
Batting: RHB Ben Herman
|
0-0: Ball Ryuji Ito steals 3rd base 1-0: Ball 2-0: Foul Ball, location: 2F 2-1: Bunted foul 2-2: Reached on error, E6 (Groundball, 4M, EV 99.4 MPH) Ryuji Ito scores Jorge Zermeno to second
|
|
Batting: SHB Tim Connell
|
0-0: Foul Ball, location: 2F 0-1: Foul Ball, location: 2F 0-2: Ball 1-2: Ball 2-2: Fly out, F4 (Popup, 3D, EV 58.8 MPH)
|
|
Batting: RHB Jonathan Ellis
|
0-0: Swinging Strike 0-1: Ball 1-1: Swinging Strike 1-2: Strikes out swinging
|
| Top of the 9th over - 1 run, 1 hit, 1 error, 2 left on base; Burlington 4 - Beloit 2 |
| BOTTOM OF THE 9TH |
|
Beloit Snappers batting - Pitching for Burlington Bees : LHP Cody Bodenhamer
|
|
Pitching: LHP Jordan Galdamez
|
|
|
Batting: RHB Rick Linders
|
0-0: Foul Ball, location: 2F 0-1: Ball 1-1: Foul Ball, location: 2F 1-2: Ball 2-2: Strikes out looking
|
|
Batting: RHB Travis Lanctot
|
0-0: Fly out, F8 (Flyball, 8LM, EV 89.4 MPH)
|
|
Pinch Hitting: RHB Kyle Waters
|
0-0: Called Strike 0-1: Called Strike 0-2: Strikes out swinging
|
| Bottom of the 9th over - 0 runs, 0 hits, 0 errors, 0 left on base; Burlington 4 - Beloit 2 |
|